 Dungeon Crawl Stone Soup version 0.29.1-15-g9cfb28693d (webtiles) character file.

Game seed: 9869445822595214102

35 javelincjr the Trooper (level 3, -1/37 HPs)
             Began as an Ogre Gladiator on Apr 28, 2023.
             Was a Follower of Okawaru.
             Succumbed to an adder's poison
             ... on level 2 of the Dungeon.
             The game lasted 00:04:57 (1585 turns).

javelincjr the Trooper (Ogre Gladiator)             Turns: 1585, Time: 00:04:58

Health: -1/37      AC:  3    Str: 18    XL:     3   Next: 35%
Magic:  3/3        EV: 10    Int:  9    God:    Okawaru [*.....]
Gold:   60         SH:  0    Dex: 12    Spells: 2/2 levels left

rFire   . . .      SeeInvis .   a - +0 war axe
rCold   . . .      Faith    .   (no shield)
rNeg    . . .      Spirit   .   b - +0 robe
rPois   .          Reflect  .   c - +0 hat
rElec   .          Harm     .   (no cloak)
rCorr   .          Rampage  .   (gloves unavailable)
Will    .....                   (boots unavailable)
Stlth   +.........              (no amulet)
HPRegen 0.12/turn               (no ring)
MPRegen 0.08/turn               (no ring)

@: lethally poisoned (-1 -> -8)
A: large, unfitting armour, tough skin 1
a: Renounce Religion, Heroism


You were on level 2 of the Dungeon.
You worshipped Okawaru.
Okawaru was aware of your devotion.
You visited 1 branch of the dungeon, and saw 2 of its levels.

You collected 60 gold pieces.

Inventory:

Hand Weapons
 a - a +0 war axe (weapon)
Missiles
 d - 3 throwing nets
 e - a large rock
 k - 6 boomerangs (quivered)
Armour
 b - a +0 robe (worn)
 c - a +0 hat (worn)
Jewellery
 j - an amulet of faith
 m - an amulet of reflection
Scrolls
 f - 3 scrolls of teleportation {unknown}
 i - a scroll of enchant armour {unknown}
Potions
 g - 2 potions of attraction {unknown}
 h - a potion of lignification {unknown}
 l - a potion of heal wounds {unknown}


   Skills:
 * Level 3.6 Fighting
 + Level 3.3 Axes
 + Level 2.4 Throwing
 + Level 3.0 Dodging


You had 2 spell levels left.
You didn't know any spells.
Your spell library contained the following spells:

 Spells                   Type           Power      Damage    Failure   Level
 Necrotise                Necr           0%         1d4       38%         1
 Vampiric Draining        Necr           0%         2d6       77%         3
 Agony                    Necr           0%         N/A       100%        5


Dungeon Overview and Level Annotations

Branches:
Dungeon (2/15)

Altars:
Okawaru


Innate Abilities, Weirdness & Mutations

You are too large for most types of armour.
You have tough skin. (AC +1)


Message History

The adder is moderately wounded.
You feel sick. The adder barely misses you. The adder bites you.
You are more poisoned.
The adder poisons you!
You completely miss the adder.
The adder is moderately wounded.
You feel sick. The adder closely misses you.
A quokka comes into view.
The adder bites you but does no damage.
You miss the adder.
The adder is moderately wounded.
You feel sick. The adder bites you.
You closely miss the adder.
The adder is moderately wounded.
You feel sick. The adder barely misses you. x2
You closely miss the adder.
The adder is moderately wounded.
You feel sick. The adder bites you.
You are more poisoned.
The adder poisons you! The adder bites you.
You are too injured to fight recklessly!
You are too injured to fight recklessly!
You are too injured to fight recklessly!
You are too injured to fight recklessly!
You are too injured to fight recklessly!
You feel sick.
You miss the adder.
The adder is moderately wounded.
You feel sick. The adder closely misses you. The adder misses you.
You barely miss the adder.
The adder is moderately wounded.
You feel sick. The adder bites you.
* * * LOW HITPOINT WARNING * * *
The adder bites you.
* * * LOW HITPOINT WARNING * * *
You are more poisoned.
The adder poisons you!
You miss the adder.
The adder is moderately wounded.
You die...

######...# .........#
.........#####
####.#.###... #
#........#. #.
##.##.###...
##.########...#.# ##.#
####...#..<....#...####.#
......rS@####.###..##...#
####...### #..#..###.###
##.# ##..[## #.#
...#########..####.###
### #..............#.<.
#.#######..###..... #.#
#.......... #.#
#..###..... #.# ###..#
#.....


You could see an adder and a quokka.

Vanquished Creatures
  A dart slug (D:1)
  An endoplasm (D:2)
  5 giant cockroaches
  A goblin (D:2)
  4 hobgoblins
  3 kobolds
  A quokka (D:1)
  4 ball pythons (D:1)
  6 bats
  4 rats (D:1)
30 creatures vanquished.

Vanquished Creatures (others)
  3 plants (D:1)
3 creatures vanquished.

Grand Total: 33 creatures vanquished

Notes
Turn   | Place    | Note
-------+----------+-------------------------------------------
     0 | D:1      | javelincjr the Ogre Gladiator began the quest for the Orb.
     0 | D:1      | Reached XP level 1. HP: 22/22 MP: 1/1
   363 | D:1      | Reached XP level 2. HP: 29/29 MP: 2/2
  1096 | D:1      | Reached XP level 3. HP: 37/37 MP: 3/3
  1345 | D:2      | Found a faded altar of an unknown god.
  1365 | D:2      | Prayed at the altar of an unknown god.
  1365 | D:2      | Became a worshipper of Warmaster Okawaru
  1365 | D:2      | Reached * piety under Okawaru
  1515 | D:2      | Found an iron altar of Okawaru.
  1584 | D:2      | HP: 1/37 [adder (3)]
  1585 | D:2      | Succumbed to an adder's poison

Illustrated notes

Levels and vault maps discovered:
D:1:      evilmike_arrival_hilbert_curve, layout_loops_corners, serial_glass,
          glass_columns_b, glass_columns_a, minmay_strange_pillars,
          chequers_serial_rivers_small_a, chequers_serial_rivers_large_a,
          minmay_shallow_snake_nest
D:2:      layout_loops_ring, hellmonk_ecumenical_altar_crossroads, serial_shops,
          nicolae_shop_stone, basic_altar, uniq_terence

Skill      XL: |  1  2  3 |
---------------+----------+-----
Fighting       | 3 |  3.6
Dodging        | 3 |  3.0
Axes           | |  3.3
Throwing       | |  2.4

Action                   || total
-------------------------++-------
Melee: War axe           ||    84
Throw: Boomerang         ||     1
Armor: Robe              ||    35
Dodge: Dodged            ||    58
